 Dungeon Crawl Stone Soup version 0.27.1-35-g4d5d836560 (webtiles) character file.

Game seed: 15079791931017932175

29 Delamore the Sneak (level 3, -2/24 HPs)
             Began as an Octopode Brigand on May 2, 2022.
             Succumbed to Jessica's poison
             ... on level 2 of the Dungeon.
             The game lasted 00:00:58 (1191 turns).

Delamore the Sneak (Octopode Brigand)               Turns: 1191, Time: 00:00:58

Health: -2/24      AC:  1    Str:  8 (10) XL:     3   Next: 16%
Magic:  3/3        EV: 12    Int: 12 (13) God:
Gold:   68         SH:  0    Dex: 12 (14) Spells: 2/2 levels left

rFire    + . .     SeeInvis .   a - +2 dagger
rCold    . . .     Faith    .   (no shield)
rNeg     . . .     Spirit   .   (helmet restricted)
rPois    .         Reflect  .   (no amulet)
rElec    .         Harm     .   j - ring of protection from fire
rCorr    .         Rampage  .   (no ring)
Will     .....                  (no ring)
Stlth    ++++......             (no ring)
HPRegen  0.08/turn              (no ring)
MPRegen  0.08/turn              (no ring)
                                (no ring)
                                (no ring)

@: lethally poisoned (-2 -> -31)
A: almost no armour, amphibious, 8 rings, camouflage 1, gelatinous body 1,
(nimble swimmer 1), tentacles
a: no special abilities


You were on level 2 of the Dungeon.
You visited 1 branch of the dungeon, and saw 2 of its levels.

You collected 68 gold pieces.

Inventory:

Hand Weapons
 a - a +2 dagger (weapon)
Missiles
 b - 5 poisoned darts (quivered)
Jewellery
 j - a ring of protection from fire (left tentacle)
Scrolls
 f - a scroll of enchant armour {unknown}
 h - a scroll of identify {unknown}
 k - a scroll of immolation {unknown}
Potions
 d - a potion of degeneration
 e - a potion of heal wounds
 g - 4 potions of curing {unknown}
 i - a potion of berserk rage {unknown}


   Skills:
 - Level 2.0 Fighting
 * Level 3.1 Short Blades
 - Level 2.0 Throwing
 - Level 1.0 Dodging
 + Level 5.8 Stealth


You had 2 spell levels left.
You didn't know any spells.
Your spell library was empty.

Dungeon Overview and Level Annotations

Branches:
Dungeon (2/15)

Altars:

Annotations:
D:2 Jessica


Innate Abilities, Weirdness & Mutations

You cannot wear most types of armour.
You are amphibious.
You can wear up to eight rings at the same time.
Your skin changes colour to match your surroundings (Stealth+).
Your rubbery body absorbs attacks. (AC +1, EV +1)
((You are camouflaged near water. (Stealth+)))
You have tentacles for arms and can constrict up to eight enemies at once.


Message History

Jessica gestures wildly.
Throw: dart (curare)
Press: ? - help, Q - select action, (/) - cycle Shift-Dir - straight line, f/p - orc
Aim: an orc, wielding a +0 club (60% to hit)
You throw a curare-tipped dart. The curare-tipped dart hits the orc.
The orc is poisoned.
The orc convulses.
You kill the orc!
Jessica gestures wildly while chanting.
Jessica blinks!
Okay, then.
It was a potion of heal wounds.
You feel much better.
Jessica hits you with a +7 dagger of venom!
You are lethally poisoned!
You barely miss Jessica. You grab Jessica.
You constrict Jessica, but do no damage.
You feel very sick.
It was a potion of degeneration.
There was something very wrong with that liquid.
You feel weakened.
You feel dopey.
You feel clumsy.
You constrict Jessica.
* * * LOW HITPOINT WARNING * * *
You feel very sick. Jessica barely misses you.
Press: ? - help, v - describe, . - travel The floor.
You feel much better.
You constrict Jessica.
You feel sick.
Jessica drinks a potion.
Jessica seems to grow stronger.
The orc hits you from afar with a +0 trident.
Okay, then.
You hit Jessica.
Jessica is heavily wounded.
You constrict Jessica.
You feel sick.
Jessica hits you with a +7 dagger of venom!
Ouch! That really hurt!
* * * LOW HITPOINT WARNING * * *
You are more poisoned.
The orc closely misses you.
You release your grip on Jessica.
You die...

.......#...### #.#
.###.#.#...# #.#
.###.#.#...#######.###
........ ............
.###..... ...#.##
...........#####....######.
.###. #....()o.....†......
.# #...#####.@...## .###.#
# .......@.....# .....
..#####.....## .## #.....#
## #.....# ####### ##....#
......# #....# ......#
##....##### ......#
#.......... ......# # #
##.#.#.####


You could see Jessica (strong).

Vanquished Creatures
  4 orcs (D:2)
  3 endoplasms (D:1)
  A giant cockroach (D:2)
  3 goblins
  A hobgoblin (D:2)
  3 jackals (D:1)
  A quokka (D:1)
  3 bats
  A frilled lizard (D:1)
  A rat (D:2)
21 creatures vanquished.

Notes
Turn   | Place    | Note
-------+----------+-------------------------------------------
     0 | D:1      | Delamore the Octopode Brigand began the quest for the Orb.
     0 | D:1      | Reached XP level 1. HP: 14/14 MP: 1/1
   286 | D:1      | Reached XP level 2. HP: 12/19 MP: 2/2
  1172 | D:2      | Noticed Jessica
  1183 | D:2      | Reached XP level 3. HP: 4/24 MP: 3/3
  1191 | D:2      | Succumbed to Jessica's poison

Illustrated notes

Levels and vault maps discovered:
D:1:      ncdulo_wetmaze, layout_basic, minmay_misc_feat_hallway, moated_statue
D:2:      layout_basic, dreamdust_ecumenical_altar_hidden_monk_grotto,
          uniq_jessica

Skill      XL: |  1  2 |
---------------+-------+-----
Short Blades   | 3 |  3.1
Fighting       | |  2.0
Throwing       | |  2.0
Dodging        | |  1.0
Stealth        | |  5.8

Action                   || total
-------------------------++-------
Melee: Dagger            ||    35
       Constrict         ||    10
       Tentacles         ||     5
Throw: Dart              ||     5
  Use: Potion            ||     3
 Stab: Sleeping          ||     6
Armor: Skin              ||     2
Dodge: Dodged            ||    14
